 Dungeon Crawl Stone Soup version 0.23-a0-726-g9fa1570 (webtiles) character file.

53 Blackhawk the Chopper (level 3, -2/28 HPs)
             Began as a Demonspawn Gladiator on Jan 16, 2019.
             Killed from afar by a white imp (6 damage)
             ... with a puff of frost
             ... summoned by Natasha
             ... on level 2 of the Dungeon.
             The game lasted 00:02:19 (1266 turns).

Blackhawk the Chopper (Demonspawn Gladiator)        Turns: 1266, Time: 00:02:20

Health: -2/28      AC:  4    Str: 15    XL:     3   Next: 64%
Magic:  3/3        EV: 13    Int:  9    God:
Gold:   65         SH:  4    Dex: 14    Spells: 2/2 levels left

rFire    . . .     SeeInvis .   e - +0 dagger (venom)
rCold    . . .     Gourm    .   (no shield)
rNeg     . . .     Faith    .   b - +0 leather armour
rPois    .         Spirit   .   c - +0 helmet
rElec    .         Reflect  .   k - scarf {repulsion}
rCorr    .         Harm     .   (no gloves)
MR       .....                  (no boots)
Stlth    +.........             (no amulet)
HPRegen  0.09/turn              (no ring)
MPRegen  0.08/turn              (no ring)

@: repel missiles
A: large bone plates 1
a: no special abilities


You were on level 2 of the Dungeon.
You were not hungry.

You visited 1 branch of the dungeon, and saw 2 of its levels.

You collected 65 gold pieces.

Inventory:

Hand Weapons
 a - a +0 war axe
 e - a +0 dagger of venom (weapon)
Missiles
 d - 3 throwing nets (quivered)
Armour
 b - a +0 leather armour (worn)
 c - a +0 helmet (worn)
 k - a scarf of repulsion (worn)
Scrolls
 g - a scroll of immolation {unknown}
 h - a scroll of magic mapping {unknown}
 i - 2 scrolls of identify {unknown}
 n - a scroll of teleportation {unknown}
Potions
 l - a potion of brilliance {unknown}
 m - a potion of resistance {unknown}
 o - a potion of curing
Comestibles
 f - 3 rations
 j - a chunk of flesh


   Skills:
 + Level 2.6 Fighting
 + Level 3.1 Axes
 + Level 2.3 Throwing
 + Level 3.1 Dodging


You had 2 spell levels left.
You didn't know any spells.
Your spell library was empty.

Dungeon Overview and Level Annotations

Branches:
Dungeon (2/15)

Altars:

Annotations:
D:2 Natasha


Innate Abilities, Weirdness & Mutations

You are partially covered in large bone plates. (SH +4)


Message History

The adder is almost dead.
You feel sick.
You kill the adder!
Natasha stares at you and mumbles some strange words.
The magic dart hits you! Natasha claws you!
* * * LOW HITPOINT WARNING * * *
There is an open door here.
You completely miss Natasha. You block the white imp's attack.
You block Natasha's attack.
The white imp grinds its teeth.
The white imp closely misses you.
You feel sick.
You are no longer poisoned.
The white imp gestures at you.
The puff of frost is repelled.
There is an open door here.
The white imp gestures at you. The puff of frost hits you!
You die...

#.........#
#......!..+
#...†.....#
####'######
#h# #5# #.#
#######'####
.......@...#
.####......#
#......#
#......#
#......#
#......#####
#..........#
#..........#
#..[...
#..........#
+......


You could see Natasha and a white imp.

Vanquished Creatures
  An adder (D:2)
  2 oozes (D:1)
  2 dart slugs (D:1)
  2 giant cockroaches (D:1)
  3 goblins (D:1)
  5 hobgoblins
  4 bats (D:1)
  2 frilled lizards (D:1)
  6 kobolds
  4 rats
31 creatures vanquished.

Notes
Turn   | Place    | Note
-------+----------+-------------------------------------------
     0 | D:1      | Blackhawk the Demonspawn Gladiator began the quest for the
                  | Orb.
     0 | D:1      | Reached XP level 1. HP: 16/16 MP: 1/1
   179 | D:1      | Gained mutation: You are partially covered in large bone
                  | plates. (SH +4) [demonic ancestry]
   179 | D:1      | Reached XP level 2. HP: 7/22 MP: 2/2
   772 | D:1      | Reached XP level 3. HP: 25/28 MP: 3/3
  1250 | D:2      | Noticed Natasha
  1266 | D:2      | Killed from afar by a white imp

Vault maps used:
D:1:      wheals_arrival_shading, item_on_display_a
D:2:      uniq_natasha, uniq_sigmund

Skill      XL: |  1  2 |
---------------+-------+-----
Throwing       | 2 |  2.3
Axes           | 3 |  3.1
Dodging        | 3 |  3.1
Fighting       | |  2.6

Action                   || total
-------------------------++-------
Melee: War axe           ||    27
       Dagger            ||    91
  Use: Potion            ||     1
  Eat: Chunk             ||     1
Armor: Leather armour    ||    25
Dodge: Dodged            ||    70
       Deflected         ||     1
Block: Other             ||    17

Table legend:
 A = Non-vault XP
 B = Vault XP
 C = Vault XP percentage of total XP
 D = Non-vault monster count
 E = Vault monster count
 F = Vault count percentage of total count
                 A         B        C        D         E       F
            +---------+---------+-------+---------+---------+-------
      Total |      77 |       0 |   0.0 |      31 |       0 |   0.0
            +---------+---------+-------+---------+---------+-------
        D:1 |      58 |       0 |   0.0 |      26 |       0 |   0.0
        D:2 |      19 |       0 |   0.0 |       5 |       0 |   0.0
            +---------+---------+-------+---------+---------+-------
